 Dungeon Crawl Stone Soup version 0.30.0-10-gfe55d96785 (webtiles) character file.

Game seed: 5359810391919777403

63 RascalDebosk the Magician (level 4, -2/31 HPs)
             Began as a Djinni Enchanter on May 14, 2023.
             Slain by Crazy Yiuf (4 damage)
             ... on level 2 of the Dungeon.
             The game lasted 00:11:10 (1410 turns).

RascalDebosk the Magician (Djinni Enchanter)        Turns: 1410, Time: 00:11:10

Health: -2/31      AC:  2    Str:  7    XL:     4   Next: 30%
Gold:   70         EV: 12    Int: 19    God:
                   SH:  0    Dex: 13

rFire   + + .        s - +1 dagger
rCold   x . .        (no shield)
rNeg    . . .        b - +0 robe
rPois   ∞            (no helmet)
rElec   .            (no cloak)
rCorr   .            (no gloves)
SInv    .            (boots unavailable)
Will    .....        (no amulet)
Stlth   ++           (no ring)
HPRegen 0.25/turn    (no ring)
MPRegen 0.00/turn

%: infuse magic (-3 HP)
@: flying
A: sickness immunity, fire resistance 2, cold vulnerability 1, float, innate
caster, HP casting, extra vitality 1
a: no special abilities


You were on level 2 of the Dungeon.
You visited 1 branch of the dungeon, and saw 2 of its levels.

You collected 70 gold pieces.

Inventory:

Hand Weapons
 s - a +1 dagger (weapon)
Armour
 b - a +0 robe (worn)
Scrolls
 a - 2 scrolls of summoning {unknown}
 e - a scroll of magic mapping {unknown}
 f - a scroll of brand weapon {unknown}
 g - a scroll of noise {unknown}
 h - a scroll of immolation {unknown}
Potions
 c - 2 potions of invisibility
 d - a potion of curing {unknown}
 i - a potion of brilliance {unknown}
 j - a potion of might {unknown}
 k - 2 potions of heal wounds {unknown}


   Skills:
 - Level 0.8 Short Blades
 - Level 2.1 Dodging
 - Level 2.4 Stealth
 * Level 3.8 Spellcasting


You knew the following spells:

 Your Spells              Type           Power      Damage    Failure   Level
a - Ensorcelled Hibernat  Hex/Ice        36%        N/A       4%          2
b - Confusing Touch       Hex            18%        N/A       9%          3
c - Tukima's Dance        Hex            18%        N/A       9%          3
d - Dazzling Flash        Conj/Hex       36%        N/A       9%          3
e - Kiss of Death         Conj/Necr      72%        2d10      3%          1
Your spell library was empty.

Dungeon Overview and Level Annotations

Branches:
Dungeon (2/15)

Altars:

Annotations:
D:2 Crazy Yiuf


Innate Abilities, Weirdness & Mutations

You are immune to sickness and miasma.
You are immune to poison.
Your flesh is very heat resistant. (rF++)
You are vulnerable to cold. (rC-)
You float through the air rather than walking.
You learn spells naturally, not from books.
Your magical power is your life essence.
You have superior vitality. (+4 MHP)


Message History

Aiming: Ensorcelled Hibernation (safe; 4% risk of failure)
Press: ? - help, Shift-Dir - straight line, f - goblin
Aim: a goblin, wielding a +0 dagger (chance to affect: 67%)
The goblin looks drowsy...
The helpless goblin fails to defend itself.
You puncture the goblin!
You kill the goblin!
Found a whip.
There is an open door here.
You see here a ring of poison resistance.
You now have 70 gold pieces (gained 13).
k - 2 clear potions A worm and a ball python come into view.
The ball python hisses angrily.
Casting: Ensorcelled Hibernation (safe; 4% risk of failure)
Confirm with . or Enter, or press ? or * to list all spells.
Aiming: Ensorcelled Hibernation (safe; 4% risk of failure)
Press: ? - help, Shift-Dir - straight line, f - worm
Aim: a worm (chance to affect: 59%)
The worm looks drowsy...
You barely miss the worm. You hit the worm.
The worm is lightly wounded.
The worm bites you.
You hit the worm.
The worm is moderately wounded.
You hit the worm.
The worm is severely wounded.
The worm bites you.
You hit the worm.
The worm is severely wounded.
You hit the worm.
The worm is almost dead.
The worm bites you!
* * * LOW HITPOINT WARNING * * *
You hit the worm.
You kill the worm!
Casting: Ensorcelled Hibernation (safe; 4% risk of failure)
Confirm with . or Enter, or press ? or * to list all spells.
Aiming: Ensorcelled Hibernation (safe; 4% risk of failure)
Press: ? - help, Shift-Dir - straight line, f - ball python
Aim: a ball python (chance to affect: 67%)
The ball python looks drowsy...
* * * LOW HITPOINT WARNING * * *
The helpless ball python fails to defend itself.
You puncture the ball python!
You kill the ball python!
You start resting.
HP restored.
A bat comes into view.
The helpless bat fails to defend itself.
You puncture the bat!
You kill the bat!
There is an open door here.
There is an open door here.
Found a hammer.
Found a runed translucent door.
Crazy Yiuf shouts!
Crazy Yiuf grits, "Action meccalolo hand!"
You reach down and open the door.
Crazy Yiuf says, "Hah green cower!"
Crazy Yiuf drinks a potion.
Crazy Yiuf goes berserk!
Crazy Yiuf closely misses you. Crazy Yiuf misses you.
There is an open translucent door here.
You closely miss Crazy Yiuf.
Crazy Yiuf hits you with a +3 quarterstaff of chaos!
Crazy Yiuf burns you.
You hit Crazy Yiuf.
Crazy Yiuf is lightly wounded.
Crazy Yiuf hits you with a +3 quarterstaff of chaos.
* * * LOW HITPOINT WARNING * * *
Crazy Yiuf closely misses you.
Casting: Ensorcelled Hibernation (safe; 4% risk of failure)
Confirm with . or Enter, or press ? or * to list all spells.
You can't see any susceptible monsters within range! (Use Z to cast anyway.) Unknown command.
Casting: Ensorcelled Hibernation (safe; 4% risk of failure)
Confirm with . or Enter, or press ? or * to list all spells.
The spell is quite dangerous to miscast (9% risk of failure)!
Continue anyway?
Aiming: Tukima's Dance (quite dangerous; 9% risk of failure)
Press: ? - help, Shift-Dir - straight line, f - Crazy Yiuf
Aim: Crazy Yiuf, wielding a +3 quarterstaff of chaos and wearing a +0 cloak (lightly wounded, berserk, chance to affect: 60%)
The +3 quarterstaff of chaos dances into the air!
* * * LOW HITPOINT WARNING * * *
Crazy Yiuf hits you!
* * * LOW HITPOINT WARNING * * *
You hit Crazy Yiuf but do no damage.
Crazy Yiuf is lightly wounded.
Crazy Yiuf misses you. Crazy Yiuf barely misses you.
Unknown command.
You hit Crazy Yiuf.
Crazy Yiuf is lightly wounded.
Crazy Yiuf closely misses you.
You hit Crazy Yiuf but do no damage.
Crazy Yiuf is lightly wounded.
Crazy Yiuf barely misses you.
Your +3 quarterstaff of chaos hits Crazy Yiuf.
You hit Crazy Yiuf but do no damage.
Crazy Yiuf is moderately wounded.
Crazy Yiuf hits you.
You die...

##....# ##.÷.....## #..####
......###.........####...##
........'.........'.......#
##...#.################..##
#..##.# #...# #.....##♣♣♣♣♣
###.# ####......♣.♣♣♣ ####
#...# #.......♣..♣#...#
#.### #####....PP♣♣♣♣.@g(.#
#.# .........P♣♣ ♣♣#..)#
#.# #####.###♣♣ #### #.#
#.# #.# #.# #.#
#.#################.#
#..........#....#.#.#
######........#.....#
##...##....#.###


You could see Crazy Yiuf (berserk, ally target) and a friendly +3 quarterstaff
of chaos.

Vanquished Creatures
  2 worms (D:2)
  2 dart slugs (D:1)
  8 bats
  2 endoplasms (D:1)
  2 giant cockroaches (D:1)
  4 goblins
  4 hobgoblins
  8 jackals (D:1)
  2 kobolds (D:1)
  4 quokkas
  4 ball pythons
  2 frilled lizards (D:1)
  A rat (D:1)
45 creatures vanquished.

Notes
Turn   | Place    | Note
-------+----------+-------------------------------------------
     0 | D:1      | RascalDebosk the Djinni Enchanter began the quest for the
                  | Orb.
     0 | D:1      | RascalDebosk set off with the following spells memorised:
                  | Ensorcelled Hibernation, Confusing Touch, Tukima's Dance,
                  | Dazzling Flash.
     0 | D:1      | Reached XP level 1. HP: 15/15 MP: 0/0
    19 | D:1      | You are sucked into a shaft and drop 1 floor!
   117 | D:1      | Reached XP level 2. HP: 18/21 MP: 0/0
   189 | D:1      | Reached skill level 3 in Spellcasting
   337 | D:1      | Reached XP level 3. HP: 19/25 MP: 0/0
   337 | D:1      | Learned a level 1 spell: Kiss of Death
   900 | D:1      | Reached XP level 4. HP: 28/31 MP: 0/0
  1398 | D:2      | Found a runed translucent door.
  1399 | D:2      | Noticed Crazy Yiuf
  1406 | D:2      | HP: 1/31 [Crazy Yiuf (12)]
  1410 | D:2      | Slain by Crazy Yiuf

Illustrated notes

Levels and vault maps discovered:
D:1:      ldierk_walled_garden, layout_basic, interstate_on_off
D:2:      layout_loops_corners, uniq_robin, uniq_crazy_yiuf_cottage,
          uniq_sigmund

Skill      XL: |  1  2 |
---------------+-------+-----
Spellcasting   | 3 |  3.8
Short Blades   | |  0.8
Dodging        | |  2.1
Stealth        | |  2.4

Action                     |  1- 3 |  4- 6 || total
---------------------------+-------+-------++-------
  Melee: Dagger            |    68 |    27 ||    95
   Cast: Ensorcelled Hiber |    46 |     7 ||    53
         Tukima's Dance    |     1 |     1 ||     2
   Stab: Sleeping          |    29 |     7 ||    36
 Armour: Robe              |    15 |     2 ||    17
  Dodge: Dodged            |    47 |     8 ||    55
